[Event "*** SCC Grand Prix: Titled Tuesday Blitz"]
[Site "Chess.com"]
[Date "2020.09.08"]
[Round "9"]
[White "ehrenfeld"]
[Black "GMaka"]
[Result "1-0"]
[WhiteElo "2561"]
[BlackElo "2383"]
[TimeControl "180+1"]
[EndTime "11:46:55 PDT"]
[Termination "ehrenfeld won by resignation"]

1. e4 c6 2. d4 d5 3. exd5 cxd5 4.
Bd3 Nc6 5. c3 Qc7 6. Ne2 Bg4 7.
O-O e6 8. Qe1 Bxe2 9. Qxe2 Bd6 10. g3 Nge7 11. Nd2 O-O 12. f4 Rae8 13. Nf3 Ng6 14.
Ne5 f5 15. Bd2 Ncxe5 16. fxe5 Be7 17. g4 Nh4 18. gxf5 Nxf5 19. Bxf5 Rxf5 20. Rxf5 exf5 21.
Re1 Qc6 22. Qg2 Qe6 23. Kh1 Kh8 24. Rf1 Rg8 25. Qf3 Rf8 26. Qh5 Qg6 27. Qf3 Qe6 28.
c4 dxc4 29. Qxb7 Rd8 30. Bc3 g6 31. Rd1 Qd5+ 32. Qxd5 Rxd5 33. Kg2 Kg7 34. Kf3 Kf7 35. b3 cxb3 36. axb3 Ke6 37. Ra1 Rb5 38. b4 Bxb4 39. Ra6+ Kd5 40. Bxb4 Rxb4 41. Rd6+ Kc4 42. e6 Rb8 43. e7 a5 44. Rd8 Rb3+ 45. Kf4 1-0

[Event "*** SCC Grand Prix: Titled Tuesday Blitz"]
[Site "Chess.com"]
[Date "2020.09.08"]
[Round "9"]
[White "Matols"]
[Black "teacher4chess"]
[Result "0-1"]
[WhiteElo "2257"]
[BlackElo "2121"]
[TimeControl "180+1"]
[EndTime "11:46:55 PDT"]
[Termination "teacher4chess won by resignation"]

1. d4 d5 2. c4 c6 3. Nf3 Nf6 4. e3 Bg4 5. h3 Bxf3 6. Qxf3 e6 7. Nc3 Nbd7 8. Be2 Bb4 9. Bd2 Bxc3 10. Bxc3 Ne4 11. O-O Nxc3 12. bxc3 Nf6 13. Bd3 O-O 14. Rab1 b6 15. cxd5 cxd5 16. c4 Rc8 17. Rfc1 dxc4 18.
Bxc4 Qd6 19. a4 Rc7 20. Ba6 Rxc1+ 21. Rxc1 Nd5 22. Bb5 Nb4 23. Qe4 a5 24. Qb7 g6 25.
Rc7 e5 26. Rd7 Qf6 27. d5 e4 28. Qc7 Qa1+ 29. Kh2 Qb2 30. Qf4 Nd3 31. Bxd3 exd3 32.
e4 d2 33. Qf3 Qc1 0-1

[Event "*** SCC Grand Prix: Titled Tuesday Blitz"]
[Site "Chess.com"]
[Date "2020.09.08"]
[Round "9"]
[White "VladaSviridova"]
[Black "MikeSailer"]
[Result "1-0"]
[WhiteElo "2272"]
[BlackElo "2115"]
[TimeControl "180+1"]
[EndTime "11:46:55 PDT"]
[Termination "VladaSviridova won on time"]

1. d4 d5 2. c4 Bf5 3. Nc3 e6 4.
cxd5 exd5 5. Qb3 Nc6 6. Nxd5 Nxd4 7. Qe3+ Ne6 8. Nc3 Bc5 9. Qe5 Qf6 10. Qxf6 Nxf6 11.
e3 O-O-O 12. Nf3 Bb4 13. Bd2 g5 14. Bc4 g4 15. Ne5 Rxd2 16. Kxd2 Ne4+ 17. Ke2 Nxc3+ 18. bxc3 Bxc3 19. Nxf7 Bxa1 20. Rxa1 Rf8 21. Nh6 Nc5 22. Nxf5 Rxf5 23. Rd1 Rh5 24. Rd5 Rxd5 25. Bxd5 c6 26. Bg8 h6 27. Bh7 Kc7 28. Bf5 Na4 29. Kd3 Nc5+ 30. Kc4 Kd6 31. Bxg4 b5+ 32. Kd4 a5 33. e4 b4 34. e5+ 1-0

[Event "*** SCC Grand Prix: Titled Tuesday Blitz"]
[Site "Chess.com"]
[Date "2020.09.08"]
[Round "9"]
[White "ChessicallyInclined"]
[Black "gmpeter008"]
[Result "1-0"]
[WhiteElo "2559"]
[BlackElo "2375"]
[TimeControl "180+1"]
[EndTime "11:46:56 PDT"]
[Termination "ChessicallyInclined won by checkmate"]

1. d4 c5 2. d5 Nf6 3. Nc3 e6 4. e4 exd5 5. exd5 Bd6 6. Nf3 O-O 7. Be2 a6 8. a4 Bc7 9. O-O d6 10. Bg5 Bf5 11. Bd3 Bg6 12. Bxg6 hxg6 13. Qd3 Nbd7 14.
Rae1 Ba5 15. Nd2 Bxc3 16. bxc3 Ne5 17. Qg3 Nh5 18. Qh4 Qa5 19. Ne4 Qxa4 20. Nf6+ gxf6 21. Qxa4 fxg5 22. Qa5 Nf4 23. Qb6 Nc4 24. Qxb7 Nd2 25. g3 Nf3+ 26. Kh1 Nh3 27. Re7 Rae8 28. Kg2 g4 29.
Qd7 Rxe7 30. Qxe7 Nhg5 31. Qxd6 Kg7 32. Qxc5 Rh8 33. Rh1 Re8 34. Qc4 Re4 35. Qd3 Ne1+ 36. Rxe1 Rxe1 37. Qd4+ f6 38. Qxg4 Ne4 39. Qd7+ Kh6 40.
Qd8 Nxc3 41. Qh8+ Kg5 42. Qh4+ Kf5 43. Qf4# 1-0

[Event "*** SCC Grand Prix: Titled Tuesday Blitz"]
[Site "Chess.com"]
[Date "2020.09.08"]
[Round "9"]
[White "Andrii_Prydun"]
[Black "kidagent"]
[Result "1-0"]
[WhiteElo "2409"]
[BlackElo "2284"]
[TimeControl "180+1"]
[EndTime "11:46:56 PDT"]
[Termination "Andrii_Prydun won by resignation"]

1. d4 d5 2. Nc3 Nf6 3. Bf4 a6 4.
f3 e6 5. a3 c5 6. e3 Nc6 7.
Nge2 cxd4 8. exd4 Bd6 9. Qd2 O-O 10. O-O-O b5 11. Bxd6 Qxd6 12. Qf4 Qxf4+ 13. Nxf4 Bd7 14. Nd3 Na5 15. Nc5 Bc6 16. b4 Nc4 17. Bxc4 dxc4 18.
Rhe1 Rfd8 19. a4 bxa4 20. Kb2 Nd5 21. Nxd5 exd5 22. c3 Re8 23. Ka3 Kf8 24. Nxa4 Rxe1 25. Rxe1 a5 26. Nb6 axb4+ 27. Kxb4 Ra2 28. Kc5 Be8 29.
Kxd5 Rxg2 30. Nxc4 Rxh2 31. Nd6 Bd7 32. c4 Rh5+ 33.
Re5 Be6+ 34. Ke4 Rxe5+ 35. Kxe5 Ke7 36. d5 Bd7 37. c5 f6+ 38. Kd4 h5 39. Nb7 h4 40.
Ke3 h3 41. Kf2 g5 42. c6 Bc8 43. d6+ Ke8 44. Kg3 g4 45. f4 f5 46. Nc5 Kd8 47. d7 Bxd7 48. cxd7 Ke7 49. Ne6 Kxd7 50. Ng7 Ke7 51. Nxf5+ Kf6 52. Ne3 Kg6 53. Nxg4 Kf5 54. Ne3+ Kg6 55. Kxh3 Kf6 56. Kg4 1-0

[Event "*** SCC Grand Prix: Titled Tuesday Blitz"]
[Site "Chess.com"]
[Date "2020.09.08"]
[Round "9"]
[White "Keures"]
[Black "Anna_ChessMate"]
[Result "1/2-1/2"]
[WhiteElo "2372"]
[BlackElo "2506"]
[TimeControl "180+1"]
[EndTime "11:46:58 PDT"]
[Termination "Game drawn by repetition"]

1. d4 d5 2. c4 c6 3. Nc3 Nf6 4.
Bg5 dxc4 5. Bxf6 exf6 6. a4 Bb4 7. e3 Qa5 8. Qc1 Be6 9. Nf3 c5 10. dxc5 Nd7 11. Nd2 Nxc5 12. Bxc4 Bxc4 13. Nxc4 Nd3+ 14. Kf1 Qa6 15. Nb5 Nxc1 16. Nc7+ Ke7 17. Nxa6 Nb3 18. Nxb4 Nxa1 19. Nd5+ Kd7 20. Ke2 Rac8 21. Ndb6+ axb6 22. Nxb6+ Ke6 23. Nxc8 Rxc8 24. Rxa1 Rc2+ 25. Kf3 Rxb2 26. a5 g5 27. h3 h5 28. a6 bxa6 29.
Rxa6+ Ke7 30. h4 g4+ 31. Kg3 Rc2 32. Ra5 Ke6 33. Rxh5 f5 34. Rh8 Kf6 35. Rg8 Rc1 36. Kf4 Rf1 37. f3 gxf3 38. gxf3 Rh1 39. Rh8 Rh3 40.
Rh5 Ke6 41. Rh6+ f6 42. Rh7 Rh1 43. h5 Rh3 44. h6 Rh5 45. Kg3 Rh1 46. Kf2 Rh3 47.
Kg2 Rh5 48. Kg3 Rh1 49. Kf4 Rh4+ 50. Kg3 Rh1 1/2-1/2

[Event "*** SCC Grand Prix: Titled Tuesday Blitz"]
[Site "Chess.com"]
[Date "2020.09.08"]
[Round "9"]
[White "GMKrikor"]
[Black "Artem_Sadovsky"]
[Result "1-0"]
[WhiteElo "2692"]
[BlackElo "2526"]
[TimeControl "180+1"]
[EndTime "11:46:59 PDT"]
[Termination "GMKrikor won on time"]

1. e4 c6 2. d4 d5 3. Nc3 dxe4 4. Nxe4 Bf5 5. Ng3 Bg6 6. h4 h6 7. Nf3 Nd7 8. h5 Bh7 9. Bd3 Bxd3 10. Qxd3 e6 11. Bd2 Ngf6 12. O-O-O Qc7 13. Ne4 O-O-O 14.
g3 Nxe4 15. Qxe4 Bd6 16. Kb1 Rhe8 17. Qg4 Rg8 18. Rhe1 Nf6 19. Qh4 Qb6 20. c4 Ba3 21.
Bc3 Bb4 22. Bxb4 Qxb4 23. Ne5 Rgf8 24. a3 Qa5 25. Re3 Nd7 26. Qf4 Nxe5 27. Rxe5 Qa4 28.
Rc1 Rd7 29. Rxe6 Rfd8 30. Re4 Qb3 31. d5 Qd3+ 32. Ka2 Rc7 33. Rc3 Qd1 34. Rd4 Qxh5 35. d6 Rcd7 36. c5 Qg5 37. Qf3 Re8 38. Rg4 Qe5 39.
Re3 1-0

[Event "*** SCC Grand Prix: Titled Tuesday Blitz"]
[Site "Chess.com"]
[Date "2020.09.08"]
[Round "9"]
[White "Nafania1"]
[Black "LaPorfia"]
[Result "0-1"]
[WhiteElo "2389"]
[BlackElo "2285"]
[TimeControl "180+1"]
[EndTime "11:46:59 PDT"]
[Termination "LaPorfia won by resignation"]

1. e4 d5 2. exd5 Nf6 3. Nf3 Bg4 4. Bb5+ Nbd7 5. h3 Bh5 6. Nc3 a6 7. Be2 Nb6 8. d4 Nbxd5 9. Nxd5 Qxd5 10. c4 Qd7 11.
Be3 c6 12. O-O Bxf3 13. Bxf3 e6 14. Qb3 Bd6 15. Rad1 O-O 16. Rfe1 b5 17. Rc1 Rac8 18. Bg5 Be7 19. Red1 Rfd8 20. a4 Rb8 21. cxb5 cxb5 22. Bc6 Qd6 23. axb5 axb5 24. Bf3 Nd5 25. Bxe7 Nxe7 26.
Rc5 b4 27. Rc4 Nd5 28. g3 g6 29. Kg2 h5 30. h4 Kg7 31. Rdc1 Ne7 32. Qa4 Nf5 33.
Rd1 Nh6 34. d5 exd5 35. Rxd5 Qe6 36. Rxd8 Rxd8 37. Qxb4 Nf5 38. Qc3+ Qf6 39. Qxf6+ Kxf6 40. b4 Rd2 41. b5 Ne3+ 0-1

[Event "*** SCC Grand Prix: Titled Tuesday Blitz"]
[Site "Chess.com"]
[Date "2020.09.08"]
[Round "9"]
[White "jamik13"]
[Black "dachessmandan"]
[Result "0-1"]
[WhiteElo "2226"]
[BlackElo "2415"]
[TimeControl "180+1"]
[EndTime "11:47:03 PDT"]
[Termination "dachessmandan won on time"]

1. d4 Nf6 2. Nc3 d5 3. Bf4 e6 4.
e3 a6 5. Bd3 c5 6. dxc5 Bxc5 7.
Nf3 Nc6 8. O-O O-O 9. Ne5 Bd6 10.
Nxc6 bxc6 11. Bxd6 Qxd6 12. e4 e5 13. a3 Bb7 14. Qe2 c5 15. exd5 Nxd5 16. Ne4 Qc7 17. Qh5 f5 18. Ng5 g6 19. Qh4 Nf4 20. Bc4+ Kh8 21.
g3 Nh5 22. Ne6 Qc6 23. f3 Rfe8 24. Ng5 Qf6 25. g4 h6 26. Nf7+ Kg7 27. Qxf6+ Nxf6 28. Nd6 Re7 29. gxf5 Rd7 30. Rad1 Rad8 31. Nxb7 Rxd1 32. Nxc5 Rxf1+ 33. Kxf1 Rc8 34. Ne6+ Kh7 35. Bd3 gxf5 0-1

[Event "*** SCC Grand Prix: Titled Tuesday Blitz"]
[Site "Chess.com"]
[Date "2020.09.08"]
[Round "9"]
[White "SophieNikoladze"]
[Black "boasovietica"]
[Result "0-1"]
[WhiteElo "2238"]
[BlackElo "2459"]
[TimeControl "180+1"]
[EndTime "11:47:03 PDT"]
[Termination "boasovietica won by resignation"]

1. d4 Nf6 2. Nf3 g6 3. g3 Bg7 4. Bg2 O-O 5. O-O d6 6. c4 Nc6 7. Nc3 Bg4 8. h3 Bxf3 9. Bxf3 Nd7 10. e3 e5 11. d5 Ne7 12. Bg2 f5 13. f4 Kh8 14. Qc2 Ng8 15. e4 exf4 16. Bxf4 Qe7 17. Rae1 Rae8 18. Qd2 Ne5 19. b3 a6 20. exf5 Rxf5 21.
Ne4 h6 22. g4 Rf7 23. Ng3 Ref8 24. g5 h5 25. Ne4 Qd7 26. Bg3 Ne7 27. Kh2 Nf5 28.
Bf4 Nd4 29. Nf6 Bxf6 30. gxf6 Nf5 31. Bxe5 dxe5 32. Rxe5 Qd6 33. Qf4 Rxf6 34. Kg1 Kg8 35. Qh2 Nh4 36. Rxf6 Qxf6 37. Qg3 Nxg2 38. Re6 Qf1+ 39.
Kh2 Nf4 40. Rxg6+ Kh7 41. Rg7+ Kh8 42. Qc3 Qxh3+ 43. Qxh3 Nxh3 44. Rxc7 Ng5 45. Rxb7 h4 46.
Rb6 Rf2+ 47. Kh1 Nf3 48. Rh6+ Kg7 49. Rxh4 Nxh4 50. Kg1 Rxa2 0-1

[Event "*** SCC Grand Prix: Titled Tuesday Blitz"]
[Site "Chess.com"]
[Date "2020.09.08"]
[Round "9"]
[White "Ba_clbaf_osed_ingo_3v21"]
[Black "Aborigen_came"]
[Result "0-1"]
[WhiteElo "2530"]
[BlackElo "2698"]
[TimeControl "180+1"]
[EndTime "11:47:05 PDT"]
[Termination "Aborigen_came won on time"]

1. Nf3 e6 2. c4 b6 3. g3 Bb7 4.
Bg2 Nf6 5. O-O Be7 6. d4 O-O 7. d5 a5 8. Nc3 Bb4 9. Bd2 Na6 10. a3 Bxc3 11. Bxc3 exd5 12. Ne5 d6 13. Nd3 Ne4 14. cxd5 Bxd5 15. Bxg7 Kxg7 16. Nf4 Bb7 17. Qd4+ Kg8 18. Bxe4 Bxe4 19. Qxe4 Nc5 20. Qf5 Re8 21. Nh5 Re6 22.
Rfd1 Rg6 23. Rd4 Qe7 24. e3 a4 25. Rg4 Qe6 26. Nf6+ Kh8 27. Qxe6 fxe6 28. Rxg6 hxg6 29.
Ng4 Ra5 30. Rc1 Rb5 31. Rc2 Kg7 32. f4 Kf7 33. Nf2 Ke7 34. g4 Rb3 35. Nd1 Rd3 36. Rc1 e5 37. fxe5 dxe5 38. Kf1 Rd2 0-1

[Event "*** SCC Grand Prix: Titled Tuesday Blitz"]
[Site "Chess.com"]
[Date "2020.09.08"]
[Round "9"]
[White "Rodchenkov_Vitalij"]
[Black "anon481216"]
[Result "1-0"]
[WhiteElo "2580"]
[BlackElo "2450"]
[TimeControl "180+1"]
[EndTime "11:47:05 PDT"]
[Termination "Rodchenkov_Vitalij won by resignation"]

1. d4 d5 2. c4 e6 3. Nf3 Nf6 4. Nc3 c6 5. e3 Nbd7 6. Qc2 Bd6 7. Bd3 O-O 8. O-O dxc4 9. Bxc4 a6 10. Rd1 b5 11.
Bd3 Qc7 12. a4 Bb7 13. axb5 cxb5 14. Ne4 Qxc2 15. Nxf6+ Nxf6 16. Bxc2 Rfc8 17. Bd3 Ne4 18. Bd2 Nxd2 19. Nxd2 f5 20. e4 g6 21. f3 Kf7 22.
Nb3 Bb4 23. Kf2 Ke7 24. Ke3 Rc7 25. Rdc1 Rac8 26. Rxc7+ Rxc7 27. g4 fxg4 28. fxg4 Rc8 29. h4 Rc7 30. h5 gxh5 31. gxh5 Kf6 32. Rg1 Rg7 33. e5+ Kf7 34. Rxg7+ Kxg7 35. Nc5 Bc8 36. Be2 Kh6 37. Bg4 Bxc5 38. dxc5 Kg5 39. Bf3 h6 40. Ba8 Kf5 41. Kd4 a5 42. c6 a4 43. Bb7 b4 44.
Bxc8 a3 45. bxa3 bxa3 46. Kc3 Kxe5 47. Kb3 Kd6 48. Bd7 e5 49. Kxa3 e4 50. Kb3 e3 51.
Kc2 1-0

[Event "*** SCC Grand Prix: Titled Tuesday Blitz"]
[Site "Chess.com"]
[Date "2020.09.08"]
[Round "9"]
[White "UmarovSabir"]
[Black "el-roedor"]
[Result "0-1"]
[WhiteElo "2368"]
[BlackElo "2550"]
[TimeControl "180+1"]
[EndTime "11:47:05 PDT"]
[Termination "el-roedor won on time"]

1. e4 c5 2. a3 g6 3. Nf3 Bg7 4. Bc4 Nc6 5. O-O e6 6. d3 Nge7 7. Re1 O-O 8. Nc3 h6 9. Ba2 d5 10. exd5 exd5 11. Bf4 Be6 12. Qd2 g5 13. Bg3 Ng6 14.
h3 Qd7 15. Nb5 Bxb2 16. Rab1 Bg7 17. Nc7 Rac8 18. Nxe6 fxe6 19. Nh2 Rce8 20. Ng4 b6 21. c4 d4 22. Bb3 Nf4 23. Ba4 Qd6 24. Re4 e5 25.
Rbe1 h5 26. Bxc6 Qxc6 27. Nxe5 Bxe5 28. Bxf4 Bxf4 29. Qe2 Rxe4 30. dxe4 Qg6 31. e5 Re8 32. g3 Bxe5 33. Kh1 g4 34. hxg4 hxg4 35. Kg2 d3 36. Qe3 Kf7 0-1

[Event "*** SCC Grand Prix: Titled Tuesday Blitz"]
[Site "Chess.com"]
[Date "2020.09.08"]
[Round "9"]
[White "pavlitas17"]
[Black "Ariadna_Atreides"]
[Result "1-0"]
[WhiteElo "2367"]
[BlackElo "2064"]
[TimeControl "180+1"]
[EndTime "11:47:05 PDT"]
[Termination "pavlitas17 won on time"]

1. d3 Nf6 2. Nf3 d5 3. g3 c6 4. Bg2 Bg4 5. O-O e6 6. Nbd2 Be7 7. b3 O-O 8. Bb2 Nbd7 9. c4 a5 10. cxd5 exd5 11. h3 Bxf3 12. Nxf3 Bd6 13. Nd4 Re8 14. e4 Bc5 15. Nf5 Qb6 16. Qf3 d4 17. Rac1 a4 18. Rxc5 Qxc5 19. Bxd4 Qf8 20. e5 Nxe5 21. Bxe5 Rxe5 22.
d4 Ree8 23. g4 Nd5 24. Qg3 axb3 25. axb3 Rad8 26. g5 Nb4 27. Qc3 Rd7 28. h4 Red8 29.
Bh3 Kh8 30. h5 Rd5 31. Kh1 g6 32. hxg6 hxg6 33. Ng3 Qg7 34. Qxb4 Rxd4 35. Qe7 Rd1 36. Kg1 Rxf1+ 37. Bxf1 Qd4 38. Qxf7 Qd6 39. Qxb7 Rf8 40.
Qa7 Qf4 41. Qe3 Qf7 42. Qe5+ Kg8 43. Ne4 Qf4 44. Nf6+ Rxf6 45. Qxf6 Qg4+ 46. Bg2 Qd1+ 47. Kh2 Qh5+ 48. Kg3 1-0

[Event "*** SCC Grand Prix: Titled Tuesday Blitz"]
[Site "Chess.com"]
[Date "2020.09.08"]
[Round "9"]
[White "Jojo_1608"]
[Black "allvim"]
[Result "1-0"]
[WhiteElo "2196"]
[BlackElo "2333"]
[TimeControl "180+1"]
[EndTime "11:47:05 PDT"]
[Termination "Jojo_1608 won by resignation"]

1. d4 Nf6 2. c4 g6 3. Nc3 d5 4. Nf3 Bg7 5. Bg5 dxc4 6. e3 O-O 7. Bxc4 c5 8. O-O cxd4 9. Nxd4 a6 10. a4 Qa5 11.
Bh4 Bd7 12. Qb3 Ra7 13. Qa3 e5 14. Nb3 Qc7 15. Nc5 b6 16. Nxd7 Nbxd7 17. Qb3 Nc5 18. Qa2 Nce4 19. Rfd1 Nxc3 20. bxc3 Rc8 21. Bb3 Qxc3 22. h3 Qb4 23. Rac1 Rxc1 24. Rxc1 Qxh4 25. Rc8+ Bf8 26. Qa3 Nd7 27. Bd5 Nc5 28. Qc3 Qe7 29. Bc6 Rc7 30. Re8 Qf6 31. Ba8 Re7 32. Rb8 Kg7 33. a5 Nd7 34. Rd8 bxa5 35. Qc8 Qd6 36. Bc6 Kf6 37. Bxd7 Rxd7 38. Rxd7 Qe6 39. Rc7 Bb4 40. Rc6 Bd6 41. Qd8+ Kg7 42. Qxd6 Qb3 43. Qxe5+ 1-0

[Event "*** SCC Grand Prix: Titled Tuesday Blitz"]
[Site "Chess.com"]
[Date "2020.09.08"]
[Round "9"]
[White "lacafi"]
[Black "snap_man"]
[Result "0-1"]
[WhiteElo "2151"]
[BlackElo "2282"]
[TimeControl "180+1"]
[EndTime "11:47:05 PDT"]
[Termination "snap_man won by resignation"]

1. d4 d5 2. Nf3 Nf6 3. e3 c6 4. Nbd2 Bg4 5. c4 e6 6. Bd3 Be7 7. O-O Nbd7 8. Qb3 Qb6 9. Qc2 O-O 10. Re1 Qc7 11. b3 e5 12. dxe5 Nxe5 13. Nxe5 Qxe5 14. Bb2 Qh5 15. Nf1 dxc4 16. Bxc4 Bf5 17. Qc3 Qg6 18. Ng3 Ne4 19. Qxg7+ Qxg7 20. Bxg7 Kxg7 21. Nxf5+ Kf6 22.
Nxe7 Kxe7 23. f3 Nc3 24. Kf2 b5 25. Bd3 Rad8 26. Bxh7 Rh8 27. Bf5 Kf6 28. e4 Rd2+ 29. Kg3 Rg8+ 30. Bg4 Ne2+ 31. Kh3 Rh8+ 32. Bh5 Rxh5+ 33.
Kg4 Rxh2 0-1

[Event "*** SCC Grand Prix: Titled Tuesday Blitz"]
[Site "Chess.com"]
[Date "2020.09.08"]
[Round "9"]
[White "ecwinslow"]
[Black "HouseOfDurin"]
[Result "1-0"]
[WhiteElo "2298"]
[BlackElo "2131"]
[TimeControl "180+1"]
[EndTime "11:47:07 PDT"]
[Termination "ecwinslow won on time"]

1. e4 c5 2. Nf3 Nc6 3. d4 cxd4 4. Nxd4 e5 5. Nb5 d6 6. N5c3 Nf6 7. Bc4 Be7 8. O-O O-O 9. f3 Na5 10. Bb3 Nxb3 11.
axb3 Be6 12. Nd5 Nxd5 13. exd5 Bf5 14. Be3 Bg5 15. Bf2 Qc7 16. c4 a6 17. Nc3 Rab8 18. h4 Bd8 19. Qe2 Bd7 20. Rfd1 b5 21. c5 dxc5 22. d6 Qc6 23. Qxe5 Bf6 24. Qxc5 Rfc8 25. b4 Qb7 26. Qa7 Bxc3 27. Qxb7 Rxb7 28. bxc3 Rxc3 29. Rxa6 f6 30. Re1 Kf7 31. h5 Be6 32.
Bc5 Rd7 33. Kf2 Rc2+ 34. Kg3 g6 35. hxg6+ hxg6 36. Ra8 g5 37. Rb8 Ra2 38. Rxb5 f5 39. Rb8 f4+ 40. Kh2 Kf6 41. Rh8 Kg7 42. Rh5 Bf7 43. Rxg5+ Kf6 44. Rg4 Bg6 45. Re7 Rd8 46. Rxf4+ Kg5 47. Rg4+ Kf6 48. Kg3 Rh8 49. Kf4 1-0

[Event "*** SCC Grand Prix: Titled Tuesday Blitz"]
[Site "Chess.com"]
[Date "2020.09.08"]
[Round "9"]
[White "Gloomy_Wanderer"]
[Black "GadimbayliA"]
[Result "1-0"]
[WhiteElo "2757"]
[BlackElo "2890"]
[TimeControl "180+1"]
[EndTime "11:47:08 PDT"]
[Termination "Gloomy_Wanderer won on time"]

1. d4 d5 2. c4 e5 3. dxe5 d4 4. Nf3 Nc6 5. a3 Nge7 6. b4 Ng6 7. Bb2 a5 8. b5 Ncxe5 9. Nxe5 Nxe5 10. Bxd4 Nxc4 11.
e3 Be6 12. Qc2 Nd6 13. Bd3 Be7 14. Nc3 Bf6 15. Bxf6 Qxf6 16. O-O h6 17. Ne4 Qe7 18. Rac1 Rc8 19. Rfd1 O-O 20. Nc5 Bg4 21. Rd2 b6 22.
Nb3 Bd7 23. Nd4 Rfd8 24. Rcd1 Be8 25. a4 g6 26. g3 Qf6 27. Be2 Bd7 28. Kg2 Be6 29.
Nxe6 Qxe6 30. Bf3 Qe7 31. h4 h5 32. Rd5 Nf5 33. Rc1 Rxd5 34. Bxd5 Kg7 35. Bb7 Rd8 36. Qxc7 Rd7 37. Qc3+ Kh7 38. Bf3 Rd6 39. Qb2 Qd8 40. Rc2 Rd3 41. Be4 1-0

[Event "*** SCC Grand Prix: Titled Tuesday Blitz"]
[Site "Chess.com"]
[Date "2020.09.08"]
[Round "9"]
[White "Shubinkirill2003"]
[Black "GukeshDommaraju"]
[Result "1-0"]
[WhiteElo "2655"]
[BlackElo "2752"]
[TimeControl "180+1"]
[EndTime "11:47:08 PDT"]
[Termination "Shubinkirill2003 won by resignation"]

1. e4 c5 2. Nf3 Nc6 3. Bb5 g6 4. Bxc6 dxc6 5. d3 Bg7 6. h3 Nf6 7. a4 a6 8. a5 Nd7 9. Nbd2 O-O 10. O-O e5 11. Nc4 f6 12. Be3 Qe7 13. Qd2 Rd8 14. Qc3 Rb8 15. Nb6 Nf8 16. Bxc5 Qf7 17.
Bxf8 Bxf8 18. Nxc8 Rbxc8 19. d4 exd4 20. Nxd4 c5 21. Nf3 Rd7 22. e5 Bg7 23. Rad1 Re7 24.
Rfe1 fxe5 25. Ng5 e4 26. Nxf7 Bxc3 27. Nd6 Bxe1 28. Nxc8 Rc7 29. Rxe1 Rxc8 30. Rxe4 Kf7 31. Kf1 c4 32. Re5 Kf6 33. f4 c3 34. b3 Rd8 35.
Ke1 Rd2 36. Re2 Rd5 37. Re3 Rxa5 38. Rxc3 Ra1+ 39. Kf2 b5 40. g4 a5 41. Rc7 h5 42.
Rc5 hxg4 43. hxg4 b4 44. g5+ Ke6 45. Ke3 Re1+ 46. Kd4 Rf1 47. Rc6+ Kf7 48. Rf6+ Kg7 49. Kc5 Ra1 50. Kb5 Ra2 51. Rc6 Kf7 52. Kb6 Ra3 53.
Kb5 Ra2 54. Ra6 Rxc2 55. Rf6+ Kg7 56. Kxa5 1-0

[Event "*** SCC Grand Prix: Titled Tuesday Blitz"]
[Site "Chess.com"]
[Date "2020.09.08"]
[Round "9"]
[White "Sibelephant"]
[Black "Anton_Demchenko"]
[Result "1-0"]
[WhiteElo "3114"]
[BlackElo "2862"]
[TimeControl "180+1"]
[EndTime "11:47:09 PDT"]
[Termination "Sibelephant won on time"]

1. c4 Nf6 2. Nc3 g6 3. g3 Bg7 4. Bg2 O-O 5. Nf3 d6 6. O-O Nbd7 7. b3 c6 8. Bb2 Rb8 9. d3 e5 10.
b4 a6 11. Nd2 Re8 12. a4 Nf8 13. b5 axb5 14. axb5 d5 15. Ba3 Ne6 16. Rb1 Ra8 17. Bb2 Nc5 18. Nb3 Nxb3 19. Qxb3 Be6 20. Ra1 Rxa1 21.
Rxa1 h5 22. Na4 Qc7 23. Rc1 dxc4 24. dxc4 h4 25. Qe3 Bf5 26. Qb6 Qxb6 27. Nxb6 hxg3 28. hxg3 e4 29. Na4 cxb5 30. cxb5 Nd5 31. Bxg7 Kxg7 32. Rd1 Re5 33. Rd4 Nf6 34. b6 Rb5 35. f3 Rb2 36. Nxb2 1-0

[Event "*** SCC Grand Prix: Titled Tuesday Blitz"]
[Site "Chess.com"]
[Date "2020.09.08"]
[Round "9"]
[White "mmaks007"]
[Black "evgenyermolaev"]
[Result "1-0"]
[WhiteElo "2262"]
[BlackElo "2410"]
[TimeControl "180+1"]
[EndTime "11:47:09 PDT"]
[Termination "mmaks007 won on time"]

1. e4 c5 2. Nf3 d6 3. d4 cxd4 4. Nxd4 Nf6 5. Nc3 a6 6. Bg5 Nbd7 7. Qe2 e6 8. O-O-O Be7 9. f4 Qc7 10. g4 b5 11. Bxf6 Nxf6 12. g5 Nd7 13. Bg2 Bb7 14. a3 Nb6 15. h4 Nc4 16. Rh3 O-O-O 17. h5 e5 18. Nf5 exf4 19. Nxe7+ Qxe7 20. Qg4+ Kb8 21. Qxf4 Qe5 22. Qxe5 dxe5 23. Rhd3 Kc7 24. Nd5+ Bxd5 25. exd5 Nd6 26. Re3 f6 27. gxf6 gxf6 28. Bh3 Rde8 29. Be6 Rhf8 30. Rc3+ Kb7 31. Rg1 Re7 32. h6 f5 33. Rg7 Re8 34. Rc6 Nc4 35.
Bxf5 e4 36. Bxe4 Ne5 37. d6 1-0

[Event "*** SCC Grand Prix: Titled Tuesday Blitz"]
[Site "Chess.com"]
[Date "2020.09.08"]
[Round "9"]
[White "bratkoo"]
[Black "leejunhyeok"]
[Result "1-0"]
[WhiteElo "2514"]
[BlackElo "2648"]
[TimeControl "180+1"]
[EndTime "11:47:11 PDT"]
[Termination "bratkoo won by checkmate"]

1. e4 g6 2. d4 Bg7 3. Nf3 d6 4.
Nc3 Nf6 5. h3 O-O 6. Be3 c6 7. Qd2 b5 8. e5 b4 9. exf6 bxc3 10.
Qxc3 exf6 11. Bc4 d5 12. Be2 Re8 13. h4 h5 14. Nd2 f5 15. g3 Qb6 16. Nb3 Ba6 17. Bxa6 Nxa6 18. O-O-O Nc7 19. Kb1 Nb5 20. Qc5 Bf8 21. Qxb6 axb6 22. Rhe1 Nd6 23. Bf4 Nc4 24.
Nc1 f6 25. Nd3 Kf7 26. b3 Na3+ 27. Kb2 Nb5 28. c3 Red8 29. a4 Nd6 30. Nb4 Rdc8 31. Nd3 Nb7 32. Re2 Re8 33. Rde1 Rxe2+ 34. Rxe2 c5 35.
Bc7 c4 36. Nf4 Na5 37. b4 Nc6 38. Nxd5 Rxa4 39. Bxb6 Bh6 40. Bc5 Ra8 41. Nb6 Rb8 42. Nxc4 Nd8 43. d5 Nb7 44. Nd6+ Nxd6 45. Bxd6 Rd8 46.
Re7+ Kg8 47. Re6 Kf7 48. c4 g5 49. hxg5 Bxg5 50. b5 f4 51. gxf4 Bh6 52. b6 h4 53.
b7 h3 54. f5 Bf8 55. b8=Q Rxd6 56. Rxd6 h2 57. Rd7+ Kg8 58. Qg3+ Kh8 59. Qxh2+ Kg8 60.
Qh7# 1-0

[Event "*** SCC Grand Prix: Titled Tuesday Blitz"]
[Site "Chess.com"]
[Date "2020.09.08"]
[Round "9"]
[White "chessdjw"]
[Black "crossingthestreet"]
[Result "0-1"]
[WhiteElo "2562"]
[BlackElo "2465"]
[TimeControl "180+1"]
[EndTime "11:47:11 PDT"]
[Termination "crossingthestreet won on time"]

1. e4 e6 2. d4 d5 3. Nc3 Nf6 4. e5 Nfd7 5. f4 c5 6. Nf3 Nc6 7. Be3 Be7 8. Qd2 O-O 9. dxc5 Qa5 10. a3 Nxc5 11. Be2 a6 12. Nd4 Qc7 13. O-O b5 14. b4 Ne4 15. Nxe4 dxe4 16. c4 Nxd4 17. Qxd4 Rd8 18. Qxe4 Bb7 19. Qc2 bxc4 20. Qxc4 Qxc4 21. Bxc4 Rac8 22. Rac1 a5 23. bxa5 Bxa3 24. Rc2 Ba6 25. Ra1 Bc5 26. Bxc5 Rxc5 27. Bd3 Rxc2 28. Bxc2 g6 29.
Be4 Rd4 30. Bf3 Rxf4 31. Kf2 Kg7 32. Ke3 Rb4 33. Be2 Rb3+ 34. Kf2 Rb2 35. Re1 Ra2 36. Kf3 Bb7+ 37. Kg3 Rxa5 38. Bf3 Ra3 39. Re2 f5 40. exf6+ Kxf6 41. Kf4 g5+ 42. Kg4 h5+ 43. Kxh5 Rxf3 44. gxf3 Bxf3+ 45. Kh6 Bxe2 0-1

[Event "*** SCC Grand Prix: Titled Tuesday Blitz"]
[Site "Chess.com"]
[Date "2020.09.08"]
[Round "9"]
[White "Shuvalov"]
[Black "Zemerovv"]
[Result "1-0"]
[WhiteElo "2445"]
[BlackElo "2315"]
[TimeControl "180+1"]
[EndTime "11:47:11 PDT"]
[Termination "Shuvalov won by resignation"]

1. Nf3 e6 2. c4 b6 3. g3 Bb7 4. Bg2 c5 5. O-O Nf6 6. Nc3 Be7 7. d4 cxd4 8. Qxd4 O-O 9. Rd1 d6 10. b3 a6 11. e4 Nbd7 12. Ba3 Nc5 13. e5 dxe5 14. Qxd8 Rfxd8 15. Nxe5 Bxg2 16. Kxg2 Rxd1 17. Rxd1 Rc8 18. Na4 Nxa4 19. Bxe7 Nc3 20. Rd6 Re8 21. Bxf6 gxf6 22. Ng4 Kg7 23. Rxb6 Rd8 24. Rxa6 Rd2 25. Kf3 Nxa2 26. Ne3 Rb2 27. Rb6 Nc3 28. g4 h5 29.
h3 hxg4+ 30. hxg4 Na4 31. Rb5 Nc3 32. Rb7 Nb1 33. b4 Nd2+ 34. Kf4 Nb3 35. f3 Nd4 36.
Ke4 Rd2 37. Rd7 Nxf3 38. Rxd2 Nxd2+ 39. Kd3 Nf3 40. b5 Kf8 41. c5 Ne5+ 42. Ke4 Ke8 43. g5 Nd7 44. c6 Nc5+ 45. Kd4 Nb3+ 46. Kc3 Na5 47. gxf6 Kd8 48. Ng4 Kc7 49. Ne5 Kb6 50. Kb4 1-0